TOP OF THE 1ST |
Miami (APP) Marlins batting - Pitching for Washington (APP) Nationals : RHP Todd Carbaugh
|
Pitching: RHP Todd Carbaugh
|
|
Batting: RHB Jason Thrash
|
0-0: Ball 1-0: Ball 2-0: Ball 3-0: Base on Balls
|
Batting: RHB Matt Alexander
|
0-0: Sac Bunt to 15 - play at first, batter OUT! 1-3 Jason Thrash to second
|
Batting: RHB Mario Cota
|
0-0: Called Strike 0-1: Ball 1-1: Foul Ball, location: 2F 1-2: Strikes out swinging
|
Batting: SHB Matt Moore
|
0-0: Ball 1-0: Called Strike 1-1: Ball 2-1: Called Strike 2-2: Strikes out swinging
|
Top of the 1st over - 0 runs, 0 hits, 0 errors, 1 left on base; Miami (APP) 0 - Washington (APP) 0 |
BOTTOM OF THE 1ST |
Washington (APP) Nationals batting - Pitching for Miami (APP) Marlins : LHP Gavrilo Brkic
|
Pitching: LHP Gavrilo Brkic
|
|
Batting: RHB Victor Cintron
|
0-0: Foul Ball, location: 2F 0-1: Called Strike 0-2: Ball 1-2: Ball 2-2: SINGLE (Groundball, 6S, EV 97.5 MPH)
|
Batting: RHB Jim Miske
|
0-0: Ball 1-0: Called Strike 1-1: Ball 2-1: Ball 3-1: Base on Balls Victor Cintron to second
|
Batting: RHB Kevin Whitenack
|
0-0: Swinging Strike 0-1: Ball Wild Pitch! Victor Cintron to third Jim Miske to second 1-1: Foul Ball, location: 2F 1-2: Ball 2-2: Ball 3-2: Strikes out looking
|
Batting: RHB Nick Moreno
|
0-0: Fly out, F9 (Flyball, 9S, EV 88.8 MPH)
|
Batting: RHB John Savard
|
0-0: Foul Ball, location: 2F 0-1: SINGLE (Groundball, 56, EV 78.1 MPH) (infield hit) Victor Cintron scores Jim Miske to third
|
Batting: RHB Jesus Malave
|
0-0: SINGLE (Line Drive, 8RS, EV 105.6 MPH) Jim Miske scores John Savard to second
|
Batting: RHB Derek Moran
|
0-0: Ball 1-0: Called Strike 1-1: Foul Ball, location: 2F 1-2: Ground out 3-1 (Groundball, 34S, EV 86.9 MPH)
|
Bottom of the 1st over - 2 runs, 3 hits, 0 errors, 2 left on base; Miami (APP) 0 - Washington (APP) 2 |
TOP OF THE 2ND |
Miami (APP) Marlins batting - Pitching for Washington (APP) Nationals : RHP Todd Carbaugh
|
Batting: RHB Adrian Bocker
|
0-0: Ball 1-0: Called Strike 1-1: Called Strike 1-2: Strikes out looking
|
Batting: RHB Keith Bennett
|
0-0: Called Strike 0-1: Foul Ball, location: 2F 0-2: Strikes out swinging
|
Batting: RHB Rick Knoblauch
|
0-0: Ball 1-0: Ball 2-0: Fly out, F8 (Flyball, 8RXD, EV 81.9 MPH)
|
Top of the 2nd over - 0 runs, 0 hits, 0 errors, 0 left on base; Miami (APP) 0 - Washington (APP) 2 |
BOTTOM OF THE 2ND |
Washington (APP) Nationals batting - Pitching for Miami (APP) Marlins : LHP Gavrilo Brkic
|
Batting: SHB Alex Medina
|
0-0: Ball 1-0: Ground out 5-3 (Groundball, 56, EV 85.0 MPH)
|
Batting: LHB Jim Weidman
|
0-0: Swinging Strike 0-1: Swinging Strike 0-2: Ball 1-2: Strikes out swinging
|
Batting: RHB Victor Cintron
|
0-0: Called Strike 0-1: Foul Ball, location: 2F 0-2: Foul Ball, location: 2F 0-2: Ground out 4-3 (Groundball, 4, EV 97.5 MPH)
|
Bottom of the 2nd over - 0 runs, 0 hits, 0 errors, 0 left on base; Miami (APP) 0 - Washington (APP) 2 |
TOP OF THE 3RD |
Miami (APP) Marlins batting - Pitching for Washington (APP) Nationals : RHP Todd Carbaugh
|
Batting: LHB Melvin Castro
|
0-0: DOUBLE (Line Drive, 89M, EV 107.5 MPH)
|
Batting: LHB Bryan Wedge
|
0-0: Bunted foul 0-1: Bunted foul 0-2: Bunt missed, Strikeout!
|
Batting: RHB Jason Thrash
|
0-0: Swinging Strike 0-1: Ball 1-1: Swinging Strike 1-2: Strikes out swinging
|
Batting: RHB Matt Alexander
|
0-0: Ball 1-0: Ball 2-0: Ball 3-0: Base on Balls
|
Batting: RHB Mario Cota
|
0-0: Fielders Choice at 2nd, 6-4 (Groundball, 6, EV 101.3 MPH)
|
Top of the 3rd over - 0 runs, 1 hit, 0 errors, 2 left on base; Miami (APP) 0 - Washington (APP) 2 |
BOTTOM OF THE 3RD |
Washington (APP) Nationals batting - Pitching for Miami (APP) Marlins : LHP Gavrilo Brkic
|
Batting: RHB Jim Miske
|
0-0: Foul Ball, location: 2F 0-1: Ball 1-1: Ball 2-1: Called Strike 2-2: Strikes out swinging
|
Batting: RHB Kevin Whitenack
|
0-0: Ball 1-0: Called Strike 1-1: Ball 2-1: Ball 3-1: Base on Balls
|
Batting: RHB Nick Moreno
|
0-0: Ball 1-0: Ball Wild Pitch! Kevin Whitenack to second 2-0: Reached on error, E5 (Groundball, 5L, EV 88.1 MPH) Kevin Whitenack to third
|
Batting: RHB John Savard
|
0-0: Swinging Strike 0-1: Ball 1-1: Called Strike 1-2: Grounds into double play, 4-6-3 (Groundball, 4, EV 88.8 MPH)
|
Bottom of the 3rd over - 0 runs, 0 hits, 1 error, 1 left on base; Miami (APP) 0 - Washington (APP) 2 |
TOP OF THE 4TH |
Miami (APP) Marlins batting - Pitching for Washington (APP) Nationals : RHP Todd Carbaugh
|
Batting: SHB Matt Moore
|
0-0: Ball 1-0: Ball 2-0: Foul Ball, location: 2F 2-1: Ball 3-1: Swinging Strike 3-2: Strikes out swinging
|
Batting: RHB Adrian Bocker
|
0-0: Called Strike 0-1: Foul Ball, location: 2F 0-2: Ball 1-2: Ball 2-2: Fly out, F7 (Flyball, 7LM, EV 108.8 MPH)
|
Batting: RHB Keith Bennett
|
0-0: Ball 1-0: Ball 2-0: Called Strike 2-1: Called Strike 2-2: DOUBLE (Line Drive, 78D, EV 108.8 MPH)
|
Batting: RHB Rick Knoblauch
|
0-0: Ball 1-0: Ground out 6-3 (Groundball, 6D, EV 102.5 MPH)
|
Top of the 4th over - 0 runs, 1 hit, 0 errors, 1 left on base; Miami (APP) 0 - Washington (APP) 2 |
BOTTOM OF THE 4TH |
Washington (APP) Nationals batting - Pitching for Miami (APP) Marlins : LHP Gavrilo Brkic
|
Batting: RHB Jesus Malave
|
0-0: Ball 1-0: Fly out, F3 (Popup, 3F, EV 67.5 MPH)
|
Batting: RHB Derek Moran
|
0-0: Ball 1-0: Ball 2-0: Ball 3-0: Base on Balls
|
Batting: SHB Alex Medina
|
0-0: Ball 1-0: Ball 2-0: Called Strike 2-1: Grounds into double play, 4-6-3 (Groundball, 4, EV 81.9 MPH)
|
Bottom of the 4th over - 0 runs, 0 hits, 0 errors, 0 left on base; Miami (APP) 0 - Washington (APP) 2 |
TOP OF THE 5TH |
Miami (APP) Marlins batting - Pitching for Washington (APP) Nationals : RHP Todd Carbaugh
|
Pitching: LHP Mike Bigos
|
|
Batting: LHB Melvin Castro
|
0-0: Called Strike 0-1: Ball 1-1: Foul Ball, location: 2F 1-2: Ball 2-2: Ball 3-2: Foul Ball, location: 2F 3-2: Foul Ball, location: 2F 3-2: Strikes out swinging
|
Batting: LHB Bryan Wedge
|
0-0: Ball 1-0: Swinging Strike 1-1: Called Strike 1-2: Ball 2-2: Strikes out swinging
|
Batting: RHB Jason Thrash
|
0-0: Called Strike 0-1: Ball 1-1: Called Strike 1-2: Foul Ball, location: 2F 1-2: SINGLE (Groundball, 6MD, EV 95.0 MPH)
|
Pitching: RHP Brian Walker
|
|
Batting: RHB Matt Alexander
|
0-0: Fielders Choice at 2nd, 6-4 (Groundball, 6, EV 83.1 MPH)
|
Top of the 5th over - 0 runs, 1 hit, 0 errors, 1 left on base; Miami (APP) 0 - Washington (APP) 2 |
BOTTOM OF THE 5TH |
Washington (APP) Nationals batting - Pitching for Miami (APP) Marlins : LHP Gavrilo Brkic
|
Batting: LHB Jim Weidman
|
0-0: Foul Ball, location: 2F 0-1: Foul Ball, location: 2F 0-2: Ball 1-2: Foul Ball, location: 2F 1-2: Strikes out looking
|
Batting: RHB Victor Cintron
|
0-0: DOUBLE (Flyball, 89XD, EV 113.1 MPH)
|
Batting: RHB Jim Miske
|
0-0: Ball 1-0: Ball 2-0: Ball 3-0: Called Strike 3-1: Called Strike 3-2: Strikes out swinging
|
Batting: RHB Kevin Whitenack
|
0-0: Called Strike 0-1: Ball 1-1: Ball 2-1: Ball 3-1: Base on Balls
|
Batting: RHB Nick Moreno
|
0-0: Called Strike 0-1: Ball 1-1: Ball 2-1: Swinging Strike 2-2: Fly out, F8 (Flyball, 8RM, EV 88.1 MPH)
|
Bottom of the 5th over - 0 runs, 1 hit, 0 errors, 2 left on base; Miami (APP) 0 - Washington (APP) 2 |
TOP OF THE 6TH |
Miami (APP) Marlins batting - Pitching for Washington (APP) Nationals : RHP Brian Walker
|
Batting: RHB Mario Cota
|
0-0: Called Strike 0-1: Ball 1-1: Foul Ball, location: 2F 1-2: Strikes out swinging
|
Batting: SHB Matt Moore
|
0-0: Called Strike 0-1: Foul Ball, location: 2F 0-2: Ball 1-2: Strikes out swinging
|
Batting: RHB Adrian Bocker
|
0-0: Ball 1-0: Called Strike 1-1: Ball 2-1: Fly out, F5 (Flyball, 5D, EV 78.8 MPH)
|
Top of the 6th over - 0 runs, 0 hits, 0 errors, 0 left on base; Miami (APP) 0 - Washington (APP) 2 |
BOTTOM OF THE 6TH |
Washington (APP) Nationals batting - Pitching for Miami (APP) Marlins : LHP Gavrilo Brkic
|
Batting: RHB John Savard
|
0-0: Called Strike 0-1: Swinging Strike 0-2: Foul Ball, location: 2F 0-2: Ball 1-2: Strikes out swinging
|
Batting: RHB Jesus Malave
|
0-0: Fly out, F7 (Flyball, 7, EV 90.6 MPH)
|
Batting: RHB Derek Moran
|
0-0: Swinging Strike 0-1: SINGLE (Line Drive, 8RM, EV 100.0 MPH)
|
Pitching: LHP Tyler Murders
|
|
Batting: SHB Alex Medina
|
0-0: Ball Derek Moran is caught stealing 2nd base 2-4
|
Bottom of the 6th over - 0 runs, 1 hit, 0 errors, 0 left on base; Miami (APP) 0 - Washington (APP) 2 |
TOP OF THE 7TH |
Miami (APP) Marlins batting - Pitching for Washington (APP) Nationals : RHP Brian Walker
|
Batting: RHB Keith Bennett
|
0-0: Called Strike 0-1: SINGLE (Groundball, 6D, EV 97.5 MPH)
|
Batting: RHB Rick Knoblauch
|
0-0: SINGLE (Groundball, 34D, EV 107.5 MPH) Keith Bennett to second Runner from 2nd tries for 3rd, SAFE, throw by RF made to third
|
Batting: LHB Melvin Castro
|
0-0: Bunted foul 0-1: Ball 1-1: Bunted foul 1-2: Sac Bunt to 23 - play at first, batter OUT! 3-4 Rick Knoblauch to second
|
Batting: LHB Bryan Wedge
|
0-0: Called Strike 0-1: Foul Ball, location: 2F 0-2: Ball 1-2: Foul Ball, location: 2F 1-2: Ball 2-2: Ball 3-2: Strikes out looking
|
Batting: RHB Jason Thrash
|
0-0: Called Strike 0-1: Ball 1-1: DOUBLE (Line Drive, 9LM, EV 101.3 MPH) Keith Bennett scores Rick Knoblauch scores
|
Batting: RHB Matt Alexander
|
0-0: Ground out 5-3 (Groundball, 56S, EV 67.5 MPH)
|
Top of the 7th over - 2 runs, 3 hits, 0 errors, 1 left on base; Miami (APP) 2 - Washington (APP) 2 |
BOTTOM OF THE 7TH |
Washington (APP) Nationals batting - Pitching for Miami (APP) Marlins : LHP Tyler Murders
|
Batting: SHB Alex Medina
|
0-0: Called Strike 0-1: Ball 1-1: Ball 2-1: Swinging Strike 2-2: Ground out U3 (Groundball, 34S, EV 69.4 MPH)
|
Batting: LHB Jim Weidman
|
0-0: Called Strike 0-1: Ball 1-1: Ball 2-1: Ball 3-1: Foul Ball, location: 2F 3-2: DOUBLE (Flyball, 8LXD, EV 103.8 MPH)
|
Batting: RHB Victor Cintron
|
0-0: Called Strike 0-1: Ball 1-1: Ball 2-1: Ball 3-1: Base on Balls
|
Batting: RHB Jim Miske
|
0-0: Ball 1-0: Foul Ball, location: 2F 1-1: Ball 2-1: Foul Ball, location: 2F 2-2: Ground out 5-3 (Groundball, 56, EV 91.9 MPH) Jim Weidman to third Victor Cintron to second
|
Batting: RHB Kevin Whitenack
|
0-0: Ball 1-0: Ball 2-0: SINGLE (Groundball, 25, EV 66.9 MPH) (infield hit) Jim Weidman scores Victor Cintron to third
|
Batting: RHB Nick Moreno
|
0-0: Swinging Strike 0-1: Ball 1-1: Foul Ball, location: 2F 1-2: Strikes out swinging
|
Bottom of the 7th over - 1 run, 2 hits, 0 errors, 2 left on base; Miami (APP) 2 - Washington (APP) 3 |
TOP OF THE 8TH |
Miami (APP) Marlins batting - Pitching for Washington (APP) Nationals : RHP Brian Walker
|
Pitching: RHP Halewijn Bos
|
|
Batting: RHB Mario Cota
|
0-0: Ball 1-0: SINGLE (Line Drive, 89S, EV 97.5 MPH)
|
Batting: SHB Matt Moore
|
0-0: Foul Ball, location: 2F 0-1: Ball 1-1: Fly out, F8 (Flyball, 8LD, EV 100.6 MPH)
|
Batting: RHB Adrian Bocker
|
0-0: Called Strike 0-1: Ball 1-1: SINGLE (Line Drive, 6MD, EV 103.1 MPH) Mario Cota to second
|
Batting: RHB Keith Bennett
|
0-0: Ball 1-0: Ball 2-0: Swinging Strike 2-1: Foul Ball, location: 2F 2-2: Ball 3-2: Base on Balls Mario Cota to third Adrian Bocker to second
|
Batting: RHB Rick Knoblauch
|
0-0: Called Strike 0-1: Foul Ball, location: 2F 0-2: Fly out, F8 (Flyball, 89M, EV 93.1 MPH) Runner from 3rd tags up, SCORES, throw by CF
|
Batting: LHB Melvin Castro
|
0-0: DOUBLE (Line Drive, 78D, EV 110.6 MPH) Adrian Bocker scores Keith Bennett to third
|
Batting: LHB Bryan Wedge
|
0-0: Foul Ball, location: 2F 0-1: Ground out U3 (Groundball, 3, EV 105.0 MPH)
|
Top of the 8th over - 2 runs, 3 hits, 0 errors, 2 left on base; Miami (APP) 4 - Washington (APP) 3 |
BOTTOM OF THE 8TH |
Washington (APP) Nationals batting - Pitching for Miami (APP) Marlins : LHP Tyler Murders
|
Batting: RHB John Savard
|
0-0: Ball 1-0: Ball 2-0: Ball 3-0: Called Strike 3-1: Foul Ball, location: 2F 3-2: Base on Balls
|
Batting: RHB Jesus Malave
|
0-0: Ball 1-0: Ball 2-0: Fielders Choice at 2nd, 4-6 (Groundball, 4M, EV 88.8 MPH)
|
Batting: RHB Derek Moran
|
0-0: Fly out, F6 (Line Drive, 5, EV 61.3 MPH)
|
Batting: SHB Alex Medina
|
0-0: Foul Ball, location: 2F 0-1: Fly out, F3 (Line Drive, 3, EV 68.8 MPH)
|
Bottom of the 8th over - 0 runs, 0 hits, 0 errors, 1 left on base; Miami (APP) 4 - Washington (APP) 3 |
TOP OF THE 9TH |
Miami (APP) Marlins batting - Pitching for Washington (APP) Nationals : RHP Halewijn Bos
|
Pitching: LHP Mike Montgomery
|
|
Batting: RHB Jason Thrash
|
0-0: Called Strike 0-1: Ball 1-1: Ball 2-1: Foul Ball, location: 2F 2-2: Ball 3-2: Ground out 2-3 (Groundball, 2R, EV 76.3 MPH)
|
Batting: RHB Matt Alexander
|
0-0: Ball 1-0: Ground out 5-3 (Groundball, 56S, EV 89.4 MPH)
|
Batting: RHB Mario Cota
|
0-0: Ball 1-0: Swinging Strike 1-1: Foul Ball, location: 2F 1-2: Strikes out swinging
|
Top of the 9th over - 0 runs, 0 hits, 0 errors, 0 left on base; Miami (APP) 4 - Washington (APP) 3 |
BOTTOM OF THE 9TH |
Washington (APP) Nationals batting - Pitching for Miami (APP) Marlins : LHP Tyler Murders
|
Pinch Hitting: RHB Jon Buscher
|
0-0: Fly out, F3 (Popup, 3SF, EV 75.6 MPH)
|
Batting: RHB Victor Cintron
|
0-0: Reached on error, E6 (Groundball, 56, EV 95.0 MPH)
|
Batting: RHB Jim Miske
|
0-0: Ball 1-0: Called Strike 1-1: Ball 2-1: Called Strike 2-2: Foul Ball, location: 2F 2-2: Foul Ball, location: 2F 2-2: Foul Ball, location: 2F 2-2: Ball Pickoff Throw to First - Error! E1 Victor Cintron to second 3-2: TRIPLE (Line Drive, 89XD, EV 107.5 MPH) Victor Cintron scores
|
Batting: RHB Kevin Whitenack
|
0-0: Ball 1-0: Swinging Strike 1-1: Swinging Strike 1-2: Strikes out looking
|
Batting: RHB Nick Moreno
|
0-0: Foul Ball, location: 2F 0-1: Ball 1-1: Called Strike 1-2: Foul Ball, location: 2F 1-2: Ball 2-2: 2-RUN HOME RUN (Flyball, 7LD, EV 96.3 MPH), Distance : 357 ft
|
Bottom of the 9th over - 3 runs, 2 hits, 2 errors, 0 left on base; Miami (APP) 4 - Washington (APP) 6 |
|
Game Over ... Washington (APP) defeats Miami (APP), 6 to 4
|
|
|